 Dungeon Crawl Stone Soup version 0.22-a0-565-gfc6459a (webtiles) character file.

5 Amnesiac the Charmwright (level 1, 0/10 HPs)
             Began as a Spriggan Wanderer on June 28, 2018.
             Slain by a bat (1 damage)
             ... on level 1 of the Dungeon.
             The game lasted 00:01:06 (423 turns).

Amnesiac the Charmwright (Spriggan Wanderer)         Turns: 423, Time: 00:01:06

Health: 0/10       AC:  4    Str:  8    XL:     1   Next: 66%
Magic:  2/2        EV: 16    Int: 13    God:
Gold:   14         SH:  0    Dex: 15    Spells: 0/0 levels left

rFire    . . .     SeeInvis +   c - +0 short sword
rCold    . . .     Gourm    .   (shield restricted)
rNeg     . . .     Faith    .   d - +0 robe
rPois    .         Spirit   .   e - +2 hat
rElec    .         Reflect  .   (no cloak)
rCorr    .         Harm     .   (gloves unavailable)
MR       .....                  (boots unavailable)
Stlth    ++........             (no amulet)
HPRegen  0.03/turn              (no ring)
MPRegen  0.08/turn              (no ring)

@: very quick
A: very small, unfitting armour, see invisible, herbivore, speed 3, slow
metabolism 2
a: no special abilities


You were on level 1 of the Dungeon.
You were not hungry.

You visited 1 branch of the dungeon, and saw 2 of its levels.

You collected 14 gold pieces.

Inventory:

Hand Weapons
 c - a +0 short sword (weapon)
Armour
 d - a +0 robe (worn)
 e - a +2 hat (worn)
Scrolls
 a - a scroll of enchant armour {!r, unknown}
 b - a scroll of teleportation {!r}
Comestibles
 f - a ration


   Skills:
 - Level 1.5 Fighting
 * Level 2.2 Short Blades
 - Level 2.0 Throwing
 - Level 1.5 Dodging
 + Level 2.1 Stealth
   Level 3.0 Charms
   Level 1.3 Transmutations


You couldn't memorise any spells.
You didn't know any spells.
Your spell library contained the following spells:

 Spells                   Type           Power        Failure   Level  Hunger
 Spider Form              Tmut/Pois      #.........   56%         3    ####...
 Blade Hands              Tmut           #.........   99%         5    ######.
 Ice Form                 Ice/Tmut       #.......     93%         4    #####..
 Sticks to Snakes         Tmut           #.......     26%         2    ###....
 Beastly Appendage        Tmut           #.....       19%         1    ##.....


Dungeon Overview and Level Annotations

Branches:
Dungeon (2/15)

Altars:


Innate Abilities, Weirdness & Mutations

You are very small and have problems with some larger weapons.
You are too small for most types of armour.
You have supernaturally acute eyesight. (SInv)
You are a herbivore.
You cover ground extremely quickly.
You need to consume almost no food.


Message History

You hear a shout!
You aren't carrying any items that you can evoke.
Wield which item (- for none, * to show all)? (? for menu, Esc to quit)
Okay, then.
You climb downwards.
Found a scroll labeled KEQYHEXECSE.
There is a stone staircase leading up here.
You start resting.
HP restored.
a - a scroll labeled KEQYHEXECSE {!r}
There is a stone staircase leading up here.
You start resting.
HP restored.
You climb upwards.
The kobold closely misses you. The kobold barely misses you.
There is a stone staircase leading down here.
You hit the kobold.
You kill the kobold!
You see here a short sword.
A hobgoblin comes into view. It is wielding a club.
Found a ration.
A bat comes into view.
A goblin comes into view.
A bat comes into view.
A jackal, a giant cockroach and a goblin come into view.
Found a stone staircase leading down.
You see here an embroidered hat.
e - an embroidered hat You see here a ration.
Wear which item? (? for menu, Esc to quit)
Keep equipping yourself?
You start putting on your armour.
You continue putting on your embroidered hat. x2
The jackal completely misses you.
You continue putting on your embroidered hat.
The goblin shouts!
The jackal closely misses you. The jackal misses you.
You continue putting on your embroidered hat.
The jackal bites you.
You finish putting on your +2 hat.
You hit the jackal.
The jackal is heavily wounded.
The jackal bites you.
* * * LOW HITPOINT WARNING * * *
You hit the jackal.
The jackal is almost dead.
The jackal bites you.
* * * LOW HITPOINT WARNING * * *
A jackal comes into view.
The jackal bites you.
* * * LOW HITPOINT WARNING * * *
You closely miss the jackal.
The jackal is almost dead.
The jackal bites you.
* * * LOW HITPOINT WARNING * * *
Found 27 stones and a dagger.
A hobgoblin comes into view.
The hobgoblin shouts!
You hear a bark!
You aren't carrying any items that you can evoke.
The bat closely misses you.
You barely miss the bat. The bat hits you but does no damage.
The jackal misses you. The bat barely misses you. The bat hits you.
You die...

# # #### ##
##...##### ###.
##.......... #...
#............ ##...
#............##....
#..)...............
##@.....>..........
#.b.g..............
#.h..........###...
#............##...$
#............#.....
#......######......
##....g#####..h.....
#......h..g.%.......
........##..###......


You could see 2 jackals, a hobgoblin, a goblin and a bat.

Vanquished Creatures
  A bat (D:1)
  2 hobgoblins (D:1)
  A frilled lizard (D:1)
  A kobold (D:1)
5 creatures vanquished.

Notes
Turn   | Place    | Note
-------+----------+-------------------------------------------
     0 | D:1      | Amnesiac the Spriggan Wanderer began the quest for the Orb.
     0 | D:1      | Amnesiac set off with: a scroll of teleportation {!r}, a +0 short sword, a +0 robe, a ration
     0 | D:1      | Reached XP level 1. HP: 10/10 MP: 2/2
    44 | D:1      | Reached skill level 1 in Stealth
   423 | D:1      | Slain by a bat

Vault maps used:
D:1:      denvon_arrival_planthouse
D:2:      nicolae_gozag_cash_rules_everything_around_me, uniq_sigmund,
          uniq_terence, uniq_jessica

Skill      XL: |  1 |
---------------+----+-----
Stealth        | 2 |  2.1
Fighting       | |  1.5
Short Blades   | |  2.2
Throwing       | |  2.0
Dodging        | |  1.5
Charms         | |  3.0
Transmutations | |  1.3

Action                   || total
-------------------------++-------
Melee: Short sword       ||    23
Armor: Robe              ||     3
Dodge: Dodged            ||    20

Table legend:
 A = Spawn XP
 B = Non-spawn XP
 C = Spawn XP percentage of total XP
 D = Spawn monster count
 E = Non-spawn monster count
 F = Spawn count percentage of total count
 G = Total turns spent on level
                    A         B        C        D         E        F      G
               +---------+---------+-------+---------+---------+-------+---------
         Total |       0 |       8 |   0.0 |       0 |       5 |   0.0 |   423
               +---------+---------+-------+---------+---------+-------+---------
           D:1 |       0 |       8 |   0.0 |       0 |       5 |   0.0 |   227
               +---------+---------+-------+---------+---------+-------+---------
